 Dungeon Crawl Stone Soup version 0.17.0-1-g61d176b (webtiles) character file.

973 tizzy the Ruffian (level 7, -2/50 HPs)
             Began as a Demonspawn Gladiator on Nov 7, 2015.
             Was a Believer of Makhleb.
             Slain by an orc warrior
             ... wielding a cursed -3 long sword
              (13 damage)
             ... on level 4 of the Dungeon.
             The game lasted 00:12:46 (3938 turns).

tizzy the Ruffian (Demonspawn Gladiator)            Turns: 3938, Time: 00:12:46

Health: -2/50      AC:  9    Str: 16    XL:     7   Next: 94%
Magic:  7/7        EV: 11    Int: 11    God:    Makhleb [**....]
Gold:   160        SH:  0    Dex: 13    Spells: 0 memorised, 6 levels left

rFire  . . .     SeeInvis .       - Unarmed
rCold  . . .     Clarity  .     h - +0 ring mail (curse)
rNeg   . . .     SustAt   .     (no shield)
rPois  .         Gourm    .     c - +0 helmet
rElec  .         Spirit   .     j - +0 cloak
rCorr  .         Warding  .     (no gloves)
rMut   .         Stasis   .     (no boots)
MR     .....                    (no amulet)
Stlth  +++.......               w - +2 ring of protection (curse)
                                q - ring of stealth

@: not resistant to hostile enchantments, fairly stealthy
A: claws 1, nightstalker 1, powered by death 1
a: Minor Destruction, Renounce Religion


You were on level 4 of the Dungeon.
You worshipped Makhleb.
Makhleb was pleased with you.
You were very full.

You visited 1 branch of the dungeon, and saw 5 of its levels.

You collected 160 gold pieces.

Inventory:

Hand Weapons
 a - a +0 war axe
Missiles
 d - 3 throwing nets (quivered)
 t - 6 javelins
 y - 3 tomahawks
Armour
 c - a +0 helmet (worn)
 e - a +0 pair of gloves
 h - a cursed +0 ring mail (worn)
 j - a +0 cloak (worn)
Jewellery
 l - an uncursed ring of wizardry
 q - a ring of stealth (left claw)
 s - an uncursed ring of see invisible
 w - a cursed +2 ring of protection (right claw)
Scrolls
 f - 5 scrolls of enchant armour {unknown}
 i - 7 scrolls of identify
 m - a scroll of enchant weapon
 n - 3 scrolls of fear {unknown}
 o - 2 scrolls of fog {unknown}
 p - a scroll of magic mapping {unknown}
 x - a scroll of teleportation {unknown}
Comestibles
 b - 4 chunks of flesh
 k - 3 meat rations
 u - 3 fruits
 v - 2 beef jerkies


   Skills:
 - Level 2.0 Fighting
 - Level 3.8 Axes
 - Level 1.7 Throwing
 - Level 2.6 Dodging
 * Level 7.8 Unarmed Combat


You had 6 spell levels left.
You didn't know any spells.

Dungeon Overview and Level Annotations

Branches:
Dungeon (5/15)
 Temple: D:4-7

Altars:
Elyvilon
Gozag
Makhleb
Qazlal
Trog


Innate Abilities, Weirdness & Mutations

You have sharp fingernails.
You are slightly more attuned to the shadows.
You regenerate a little health from kills.


Message History

You scratch the orc warrior.
The orc warrior is severely wounded.
You claw the orc warrior!
The orc warrior is almost dead.
The orc warrior hits you with a long sword!
You scratch the orc warrior but do no damage.
You claw the orc warrior, but do no damage.
The orc warrior is almost dead.
The orc warrior hits you with a long sword!
* * * LOW HITPOINT WARNING * * *
You scratch the orc warrior but do no damage.
The orc warrior is almost dead.
You feel less regenerative.
You closely miss the orc warrior.
The orc warrior is almost dead.
The orc warrior closely misses you.
You closely miss the orc warrior.
The orc warrior is almost dead.
The orc warrior hits you with a long sword!
You die...

..####.#....####.........#..##.##
.....#......####.........##.#..#
#....#.#....#..........####.#.##
##.....#....#..........###..#.#
###........#..........##..##.#
####...#....#.............###.#
....................##.######.##
................)..............#
##.##.......#...@..###........##
##.###.##...#..o...###..####..#
#..# #......#.#.##)#...#####.##
..## ###......#.#.[....#.....##
.#####...[....#...#...#.......#
....#..##...###..##...........#
......####..†.......##........#
.#......)<........#####.......#
...##...##.........# #.......#


You could see an orc warrior.

Vanquished Creatures
  Grinder (D:3)
  Sigmund (D:3)
  A water moccasin (D:3)
  A phantom (D:4)
  Blork the orc (D:3)
  An orc priest (D:4)
  A centaur skeleton (D:4)
  An iguana (D:4)
  An orc wizard (D:4)
  2 worker ants (D:4)
  A hound skeleton (D:4)
  Robin (D:3)
  5 adders
  An adder skeleton (D:4)
  A worm (D:2)
  3 giant geckos
  11 orcs
  2 ball pythons
  7 bats
  12 goblins
  14 hobgoblins
  19 jackals
  6 kobolds
  3 quokkas
  5 giant cockroaches
  4 giant newts
  5 rats
111 creatures vanquished.

Notes
Turn   | Place    | Note
--------------------------------------------------------------
     0 | D:1      | tizzy the Demonspawn Gladiator began the quest for the Orb.
     0 | D:1      | Reached XP level 1. HP: 16/16 MP: 1/1
     9 | D:1      | Reached skill level 3 in Axes
   153 | D:1      | Gained mutation: You regenerate a little health from kills. [demonic ancestry]
   153 | D:1      | Reached XP level 2. HP: 17/22 MP: 2/2
   566 | D:2      | Gained mutation: You have sharp fingernails. [demonic ancestry]
   566 | D:2      | Reached XP level 3. HP: 23/27 MP: 3/3
   659 | D:2      | Reached skill level 1 in Unarmed Combat
   900 | D:2      | Found a stormy altar of Qazlal.
  1035 | D:2      | Gained mutation: You are slightly more attuned to the shadows. [demonic ancestry]
  1035 | D:2      | Reached XP level 4. HP: 33/33 MP: 4/4
  1039 | D:2      | Found a bloodstained altar of Trog.
  1142 | D:2      | Found a burning altar of Makhleb.
  1162 | D:2      | Became a worshipper of Makhleb the Destroyer
  1526 | D:3      | Noticed a water moccasin
  1531 | D:3      | Found an opulent altar of Gozag.
  2093 | D:4      | Noticed Blork the orc
  2311 | D:3      | Reached * piety under Makhleb
  2332 | D:3      | Found a white marble altar of Elyvilon.
  2344 | D:3      | Noticed Robin
  2345 | D:3      | Noticed Sigmund
  2430 | D:4      | Noticed a phantom
  2616 | D:3      | Killed Sigmund
  2616 | D:3      | Reached skill level 4 in Unarmed Combat
  2616 | D:3      | Reached XP level 5. HP: 19/38 MP: 5/5
  2616 | D:3      | Reached XP level 6. HP: 22/44 MP: 6/6
  2794 | D:3      | Killed a water moccasin
  2794 | D:3      | Reached skill level 5 in Unarmed Combat
  2842 | D:3      | Reached ** piety under Makhleb
  2908 | D:3      | Noticed Grinder
  2913 | D:3      | Paralysed by Grinder for 7 turns
  2935 | D:3      | Paralysed by Grinder for 2 turns
  2939 | D:3      | HP: 1/44 [Grinder (3)]
  2941 | D:3      | Killed Grinder
  2941 | D:3      | Reached skill level 6 in Unarmed Combat
  2941 | D:3      | Reached XP level 7. HP: 1/50 MP: 7/7
  3399 | D:3      | Killed Robin
  3541 | D:3      | Killed Blork the orc
  3564 | D:4      | Reached skill level 7 in Unarmed Combat
  3731 | D:4      | Killed a phantom
  3882 | D:5      | Entered Level 5 of the Dungeon
  3938 | D:4      | Slain by an orc warrior

Action                   |  1- 3 |  4- 6 |  7- 9 || total
-------------------------+-------+-------+-------++-------
Melee: War axe           |    77 |       |       ||    77
       Unarmed           |   105 |   175 |   152 ||   432
  Use: Potion            |     1 |     5 |       ||     6
       Scroll            |       |       |     1 ||     1
 Stab: Sleeping          |       |     6 |     1 ||     7
  Eat: Chunk             |       |     7 |       ||     7
       Bread ration      |       |     1 |     2 ||     3
